 Dungeon Crawl Stone Soup version 0.28-a0-268-g3f656e82c2 (webtiles) character file.

Game seed: 5549584917170683705

89 Shayle the Ducker (level 4, -2/34 HPs)
             Began as a Djinni Warper on Aug 28, 2021.
             Slain by a goblin (3 damage)
             ... on level 3 of the Dungeon.
             The game lasted 00:07:22 (2932 turns).

Shayle the Ducker (Djinni Warper)                   Turns: 2932, Time: 00:07:23

Health: -2/34      AC:  3    Str: 10    XL:     4   Next: 84%
Gold:   55         EV: 12    Int: 16    God:
                   SH:  0    Dex: 12

rFire   + + .      SeeInvis .     - Unarmed
rCold   x . .      Faith    .   (no shield)
rNeg    . . .      Spirit   .   a - +0 leather armour
rPois   ∞          Reflect  .   (no helmet)
rElec   .          Harm     .   (no cloak)
rCorr   .          Rampage  .   (no gloves)
Will    .....                   (boots unavailable)
Stlth   +.........              (no amulet)
HPRegen 0.11/turn               (no ring)
MPRegen 0.00/turn               (no ring)

@: flying
A: sickness immunity, fire resistance 2, cold vulnerability 1, float, innate
caster, hp casting, extra vitality 1
a: no special abilities


You were on level 3 of the Dungeon.
You visited 1 branch of the dungeon, and saw 3 of its levels.

You collected 55 gold pieces.

Inventory:

Missiles
 c - a boomerang of dispersal (quivered)
Armour
 a - a +0 leather armour (worn)
Scrolls
 d - a scroll of identify {unknown}


   Skills:
 + Level 2.8 Fighting
 - Level 0.7 Throwing
 - Level 1.0 Armour
 + Level 3.1 Dodging
 + Level 2.8 Unarmed Combat
 + Level 2.9 Spellcasting


You couldn't memorise any spells.
You knew the following spells:

 Your Spells              Type           Power      Damage    Failure   Level
a - Blink                 Tloc           N/A        N/A       12%         2
b - Lesser Beckoning      Tloc           5%         N/A       22%         3
c - Gell's Gravitas       Tloc           5%         N/A       22%         3
d - Teleport Other        Tloc           11%        N/A       22%         3
e - Manifold Assault      Tloc           11%        N/A       91%         5
f - Beastly Appendage     Tmut           22%        N/A       8%          1
Your spell library was empty.

Dungeon Overview and Level Annotations

Branches:
Dungeon (3/15)

Altars:

Annotations:
D:2 1 runed translucent door, Crazy Yiuf


Innate Abilities, Weirdness & Mutations

You are immune to sickness and miasma.
You are immune to poison.
Your flesh is very heat resistant. (rF++)
You are vulnerable to cold. (rC-)
You float through the air rather than walking.
You learn spells naturally, not from books.
Your magical power is your life essence.
You have superior vitality. (+4 HP)


Message History

Press: ? - help, Dir - move target, p - ufetubus
As you read the scroll of blinking, it crumbles to dust.
You fly downwards.
The hobgoblin shouts!
The goblin shouts!
There is a stone staircase leading up here.
Found a scroll labelled QYBY UTZOOGUAF.
The hobgoblin hits you but does no damage.
You barely miss the hobgoblin. You hit the hobgoblin but do no damage.
The hobgoblin barely misses you.
You completely miss the hobgoblin. The hobgoblin closely misses you.
You hit the hobgoblin but do no damage.
The hobgoblin hits you but does no damage.
You barely miss the hobgoblin.
The hobgoblin hits you but does no damage.
You hit the hobgoblin but do no damage. The hobgoblin hits you.
* * * LOW HITPOINT WARNING * * *
You barely miss the hobgoblin.
You punch the hobgoblin, but do no damage.
The hobgoblin hits you.
* * * LOW HITPOINT WARNING * * *
You hit the hobgoblin but do no damage. The hobgoblin closely misses you.
The goblin closely misses you.
You barely miss the hobgoblin. The hobgoblin closely misses you.
The goblin hits you but does no damage.
You barely miss the hobgoblin. The hobgoblin barely misses you.
The goblin barely misses you.
You barely miss the hobgoblin.
The hobgoblin hits you but does no damage.
The goblin hits you with a +0 dagger.
* * * LOW HITPOINT WARNING * * *
You hit the hobgoblin.
The hobgoblin is moderately wounded.
The hobgoblin hits you but does no damage.
The goblin hits you but does no damage.
You hit the hobgoblin.
The hobgoblin is almost dead.
The hobgoblin hits you.
* * * LOW HITPOINT WARNING * * *
The goblin hits you with a +0 dagger.
You die...

....... .......
....... .......
####.......
#..........
#..g.....?.
..##..@########
........g......#
...............#
...............#
...............#
...............#
................
..#.............
#.............


You could see a hobgoblin and a goblin.

Vanquished Creatures
  4 adders (D:2)
  A worm (D:2)
  3 endoplasms
  4 giant cockroaches
  3 hobgoblins (D:1)
  A kobold (D:1)
  3 quokkas
  7 ball pythons
  10 bats
  3 frilled lizards
  6 goblins
  3 rats
48 creatures vanquished.

Notes
Turn   | Place    | Note
-------+----------+-------------------------------------------
     0 | D:1      | Shayle the Djinni Warper began the quest for the Orb.
     0 | D:1      | Reached XP level 1. HP: 18/18 MP: 0/0
   167 | D:1      | Reached XP level 2. HP: 22/23 MP: 0/0
   382 | D:1      | Found a faded altar of an unknown god.
   741 | D:1      | Reached XP level 3. HP: 19/29 MP: 0/0
   741 | D:1      | Learned a level 1 spell: Beastly Appendage
  1809 | D:2      | Reached XP level 4. HP: 29/34 MP: 0/0
  1957 | D:2      | Found a runed translucent door.
  1958 | D:2      | Noticed Crazy Yiuf
  2101 | D:2      | Reached skill level 3 in Dodging
  2932 | D:3      | HP: 1/34 [hobgoblin (4)]
  2932 | D:3      | Slain by a goblin

Illustrated notes

Levels and vault maps discovered:
D:1:      noname_arrival_rooms_in_the_neighbourhood, layout_loops_cross,
          shapermc_ecumenical_altar_mp_vishouse
D:2:      layout_loops_corners, minmay_misc_feat_chi, uniq_crazy_yiuf_cottage
D:3:      layout_basic, serial_shops, shop, roderic_roman_lattice

Skill      XL: |  1  2  3  4 |
---------------+-------------+-----
Dodging        | 3 |  3.1
Fighting       | |  2.8
Throwing       | |  0.7
Armour         | |  1.0
Unarmed Combat | |  2.8
Spellcasting   | |  2.9

Action                   |  1- 3 |  4- 6 || total
-------------------------+-------+-------++-------
Melee: Unarmed           |   153 |   112 ||   265
       Headbutt          |     7 |     6 ||    13
       Punch             |     1 |     1 ||     2
Throw: Boomerang         |       |     4 ||     4
 Cast: Beastly Appendage |     7 |    11 ||    18
  Use: Scroll            |       |     1 ||     1
 Stab: Sleeping          |       |     1 ||     1
Armor: Leather armour    |    66 |    53 ||   119
Dodge: Dodged            |   103 |   135 ||   238

Table legend: (Time is in decaauts)
 A = Elapsed time spent in this place.
 B = Non-inter-level travel time spent in this place.
 C = Inter-level travel time spent in this place.
 D = Time resting spent in this place.
 E = Time spent auto-exploring this place.
 F = Levels seen in this place.
 G = Mean time per level.
                   A        B        C        D        E       F      G
               +--------+--------+--------+--------+--------+-----+--------+
         Total |   2921 |   2900 |     21 |    133 |   2185 |   3 |  973.7 |
       Dungeon |   2921 |   2900 |     21 |    133 |   2185 |   3 |  973.7 |
               +--------+--------+--------+--------+--------+-----+--------+

Top non-repeatable levels by time:
     D:1: 1661 daAuts
     D:2: 1247 daAuts
     D:3: 13 daAuts
